 Dungeon Crawl Stone Soup version 0.18-a0-844-g9229740 (webtiles) character file.

3196 root the Nimble (level 9, -10/72 HPs)
             Began as a Minotaur Chaos Knight on Dec 19, 2015.
             Mangled by a red ugly thing (15 damage)
             ... on level 9 of the Dungeon.
             The game lasted 00:36:35 (8386 turns).

root the Nimble (Minotaur Chaos Knight)             Turns: 8386, Time: 00:36:35

Health: -10/72     AC:  6    Str: 17    XL:     9   Next: 64%
Magic:  9/9        EV: 16    Int:  9    God:    Xom [.*....]
Gold:   447        SH:  7    Dex: 13    Spells: 0 memorised, 8 levels left

rFire  . . .     SeeInvis .     a - +0 falchion (chaos)
rCold  + . .     Gourm    .     P - +0 leather armour {rC+}
rNeg   . . .     Faith    .     n - +0 buckler
rPois  .         Spirit   .     (helmet restricted)
rElec  .         Dismiss  .     W - +2 cloak
rCorr  .         Reflect  +     (no gloves)
SustAt .         Harm     .     (no boots)
MR     .....                    e - +2 amulet of reflection
Stlth  +.........               (no ring)
                                (no ring)

@: not resistant to hostile enchantments, very unstealthy
A: retaliatory headbutt, horns 2, frail 1
a: Renounce Religion


You were on level 9 of the Dungeon.
You worshipped Xom.
You were a plaything of Xom.
You were hungry.

You visited 1 branch of the dungeon, and saw 9 of its levels.

You collected 447 gold pieces.

Inventory:

Hand Weapons
 a - a +0 falchion of chaos (weapon)
 y - a +0 blowgun
 Q - the +2 war axe of the Water Diviner {venom, *Noise rPois rC+ MR++}
   (You found it on level 6 of the Dungeon)

   It poisons the flesh of those it strikes.
   It protects you from cold.
   It protects you from poison.
   It affects your resistance to hostile enchantments.
   It may make noises in combat.
Missiles
 z - 64 poisoned needles
 A - 4 tomahawks (quivered)
 K - 5 javelins of returning
Armour
 n - a +0 buckler (worn)
 P - a +0 leather armour of cold resistance (worn)
 W - a +2 cloak (worn)
Rods
 b - a +8 lightning rod (11/11)
   (Xom gifted it to you on level 8 of the Dungeon)
Jewellery
 e - a +2 amulet of reflection (around neck)
 g - an uncursed amulet of dismissal
 s - an uncursed ring of ice
 I - an uncursed amulet of rage
Wands
 u - a wand of polymorph (0)
 G - a wand of draining (6)
 S - a wand of draining (7)
 T - a wand of draining (8)
 V - a wand of confusion (33)
Scrolls
 d - 5 scrolls of immolation {unknown}
 f - 10 scrolls of identify {unknown}
 l - 2 scrolls of enchant armour {unknown}
 o - 2 scrolls of enchant weapon {unknown}
 r - a scroll of amnesia {unknown}
 t - 4 scrolls of remove curse {unknown}
 v - 2 scrolls of teleportation {unknown}
 x - 2 scrolls of magic mapping {unknown}
 D - 3 scrolls of recharging {unknown}
 F - 3 scrolls of fog {unknown}
 M - a scroll of noise {unknown}
 O - a scroll of fear {unknown}
Potions
 h - a potion of agility {unknown}
 k - a potion of haste {unknown}
 m - 2 potions of might
 q - 5 potions of curing {unknown}
 B - 2 potions of poison {unknown}
 C - 2 potions of ambrosia {unknown}
 E - 2 potions of cancellation {unknown}
 H - 3 potions of degeneration {unknown}
 L - a potion of cure mutation {unknown}
 N - a potion of flight {unknown}
 R - 2 potions of invisibility {unknown}
Miscellaneous
 J - a fan of gales
Comestibles
 c - 6 bread rations
 i - 7 slices of pizza
 j - 11 fruits
 p - 2 meat rations
 w - 12 royal jellies


   Skills:
 + Level 8.0 Fighting
 + Level 8.5 Long Blades
 + Level 5.4 Armour
 + Level 9.2 Dodging
 + Level 4.5 Shields
 + Level 0.2 Unarmed Combat
 * Level 1.7 Evocations


You had 8 spell levels left.
You didn't know any spells.

Dungeon Overview and Level Annotations

Branches:
Dungeon (9/15)             Temple (0/1) D:5
   Lair: D:8-11         Orc: D:9-12

Altars:
Ashenzari
Elyvilon
Gozag
Okawaru
Qazlal
Sif Muna
Trog
Vehumet
Xom
Yredelemnul
The Shining One


Innate Abilities, Weirdness & Mutations

You reflexively headbutt those who attack you in melee.
You have a pair of horns on your head.
You are frail (-10% HP).


Message History

There is a stone staircase leading up here.
There is a stone staircase leading up here.
You open the door.
A red ugly thing comes into view.
The red ugly thing gurgles horribly!
You hear a loud, deep croak!
The red ugly thing punches you!
You are engulfed in flames!
Found a beef jerky.
You completely miss the red ugly thing. You headbutt the red ugly thing.
The red ugly thing is lightly wounded.
You closely miss the red ugly thing. You headbutt the red ugly thing.
The red ugly thing is lightly wounded.
The red ugly thing punches you!
You are engulfed in flames!
* * * LOW HITPOINT WARNING * * *
A giant frog comes into view.
Unknown command.
The red ugly thing punches you!
* * * LOW HITPOINT WARNING * * *
You are engulfed in flames!
You die...
Xom chuckles heartily!

#######
#.....#
#.###.#
####<....#
#........#
#.....@..+
#....u...#
####'#.###
#.#.#
..#.#
%..#.#
#...#.#
#.....#
....###


You could see a red ugly thing.

Vanquished Creatures
  Sigmund (D:2)
  Eustachio (D:4)
  A wyvern (D:8)
  A hungry ghost (D:7)
  Duvessa (D:5)
  A phantom (D:8)
  An ice beast (D:7)
  2 ogres
  2 centaurs
  3 giant frogs
  A wyvern skeleton (D:6)
  A water moccasin zombie (D:6)
  Dowan (D:5)
  4 scorpions
  6 crimson imps
  3 hounds
  2 quasits
  An orc priest (D:7)
  An electric eel (D:7)
  5 jellies
  An orc wizard (D:8)
  Ijyb (D:2)
  Natasha (D:2)
  Terence (D:2)
  2 iguanas
  4 worker ants
  2 hell rats (D:6)
  A hound zombie (D:7)
  2 worker ant zombies
  4 hound skeletons
  6 adders
  4 gnolls (D:7)
  6 river rats (D:6)
  5 oozes (D:8)
  9 worms
  2 giant geckos
  27 orcs
  3 ball pythons
  10 bats
  4 goblins
  6 hobgoblins
  4 jackals (D:1)
  5 quokkas
  6 giant cockroaches
  2 giant gecko zombies
  10 giant newts
  6 kobolds
  A quokka zombie (D:5)
  25 rats
  A spectral orc (D:6)
200 creatures vanquished.

Vanquished Creatures (collateral kills)
  2 ogres (D:4)
  A giant frog skeleton (D:5)
  An orc priest (D:8)
  A river rat (D:6)
  5 rats (D:6)
10 creatures vanquished.

Vanquished Creatures (others)
  A shadow imp (D:7)
  A giant gecko (D:7)
  A kobold (D:2)
3 creatures vanquished.

Grand Total: 213 creatures vanquished

Notes
Turn   | Place    | Note
--------------------------------------------------------------
     0 | D:1      | root the Minotaur Chaos Knight began the quest for the Orb.
     0 | D:1      | Reached XP level 1. HP: 19/19 MP: 0/0
   138 | D:1      | XOM: harmless Trmt miscast
   152 | D:1      | XOM: divination: detect creatures
   221 | D:1      | XOM: divination: detect creatures
   244 | D:1      | Reached XP level 2. HP: 13/27 MP: 1/1
   673 | D:1      | XOM is BORED!
   673 | D:1      | XOM: mild Tloc miscast
   777 | D:1      | Reached skill level 4 in Fighting
   920 | D:2      | Noticed Ijyb
   952 | D:2      | Reached XP level 3. HP: 30/33 MP: 2/2
   964 | D:2      | Noticed Natasha
   967 | D:2      | XOM: noise
   969 | D:2      | XOM: enchant monster (bad)
   981 | D:2      | XOM: torment (18/33 hp)
   993 | D:2      | XOM: polymorph shadow imp -> crimson imp
  1320 | D:2      | Noticed Sigmund
  1328 | D:2      | Killed Sigmund
  1328 | D:2      | Reached skill level 5 in Long Blades
  1328 | D:2      | Reached XP level 4. HP: 39/41 MP: 3/3
  1328 | D:2      | Reached XP level 5. HP: 44/47 MP: 4/4
  1360 | D:2      | XOM: destruction
  1388 | D:2      | XOM: harmless Conj miscast
  1412 | D:2      | Noticed Terence
  1419 | D:2      | Killed Terence
  1488 | D:2      | Killed Natasha
  1491 | D:2      | Reached XP level 6. HP: 42/55 MP: 5/5
  1554 | D:2      | XOM: 1-stop teleportation journey
  1812 | D:2      | XOM: enchant monster (good)
  1818 | D:2      | Found a shattered altar of Ashenzari.
  1867 | D:2      | Killed Ijyb
  2153 | D:3      | XOM: colour smoke trail
  2200 | D:3      | Reached skill level 5 in Fighting
  2299 | D:3      | XOM: harmless Air miscast
  2366 | D:3      | Found an iron altar of Okawaru.
  2431 | D:3      | Found an opulent altar of Gozag.
  2893 | D:4      | XOM: divination: detect items
  3059 | D:4      | XOM: colour smoke trail
  3103 | D:4      | XOM: severe Conj miscast
  3120 | D:4      | Noticed Eustachio
  3151 | D:5      | Entered Level 5 of the Dungeon
  3275 | D:4      | XOM: medium Divn miscast
  3280 | D:4      | XOM: enchant monster (bad)
  3288 | D:4      | XOM: harmless Fire miscast
  3293 | D:4      | Killed Eustachio
  3293 | D:4      | Reached skill level 5 in Dodging
  3293 | D:4      | Reached skill level 1 in Shields
  3293 | D:4      | Reached XP level 7. HP: 23/61 MP: 1/6
  3363 | D:4      | Reached skill level 6 in Long Blades
  3465 | D:4      | XOM: summons friendly ufetubus
  3490 | D:4      | XOM: summons friendly iron imp
  3492 | D:4      | XOM: smoke on damage
  3953 | D:5      | Found a glowing golden altar of the Shining One.
  4019 | D:5      | Found a bloodstained altar of Trog.
  4066 | D:5      | XOM: summons 7 friendly demons
  4078 | D:5      | Found a staircase to the Ecumenical Temple.
  4137 | D:5      | XOM: summons 3 friendly demons
  4415 | D:5      | XOM: god gift: fan of gales
  4456 | D:5      | XOM: vitrification
  4561 | D:5      | Noticed Dowan
  4662 | D:5      | Noticed Duvessa
  4684 | D:5      | Killed Duvessa
  4684 | D:5      | Reached XP level 8. HP: 55/70 MP: 7/7
  4704 | D:5      | XOM: fog
  4723 | D:5      | Killed Dowan
  4723 | D:5      | Reached skill level 5 in Armour
  4878 | D:6      | Found a basalt altar of Yredelemnul.
  5122 | D:6      | Found a shimmering altar of Xom.
  5132 | D:6      | Reached skill level 7 in Dodging
  5317 | D:6      | XOM: polymorph worker ant -> iguana
  5356 | D:6      | XOM: mild Chrm miscast
  5380 | D:6      | Found a stormy altar of Qazlal.
  5400 | D:6      | Found a deep blue altar of Sif Muna.
  5461 | D:6      | XOM: divination: detect items
  5468 | D:6      | XOM: summons 3 friendly demons
  5529 | D:6      | XOM: silly message
  5648 | D:6      | XOM: harmless Air miscast
  5676 | D:6      | Found a radiant altar of Vehumet.
  5709 | D:6      | XOM: harmless Ice miscast
  5710 | D:6      | Got an ancient war axe
  5711 | D:6      | Identified the +2 war axe of the Water Diviner {venom, *Noise rPois rC+ MR++} (You found it on level 6 of the Dungeon)
  5721 | D:6      | XOM: cast spell 'Statue Form'
  5812 | D:6      | XOM: god gift: ring mail {god gift}
  6031 | D:6      | XOM: harmless Tloc miscast
  6149 | D:7      | XOM: confusion (+ monsters)
  6155 | D:7      | XOM: give mutations
  6155 | D:7      | Gained mutation: You are frail (-10% HP). [Xom's mischief]
  6372 | D:7      | Reached skill level 8 in Dodging
  6656 | D:7      | XOM: 1-stop teleportation journey
  6668 | D:7      | Reached XP level 9. HP: 71/71 MP: 8/8
  6747 | D:7      | XOM: colour smoke trail
  6850 | D:7      | XOM: chaos cloud
  7137 | D:7      | XOM: stat loss: -1 Str (16/17)
  7291 | D:7      | XOM: noise
  7373 | D:8      | XOM: summons friendly ufetubus
  7376 | D:8      | XOM: god gift: long runed rod {god gift}
  7450 | D:8      | XOM: cast spell 'Summon Dragon'
  7497 | D:8      | Reached skill level 1 in Evocations
  7570 | D:8      | Found a white marble altar of Elyvilon.
  7715 | D:8      | Reached skill level 9 in Dodging
  8032 | D:8      | XOM: god gift: scroll labeled DINLO EMEPSOE
  8383 | D:9      | Noticed a red ugly thing
  8386 | D:9      | Mangled by a red ugly thing

Vault maps used:
D:1:      dpeg_arrival_short_road
D:2:      minmay_door_path, lemuel_doored_altar, nicolae_overflow_hidden_temple,
          uniq_iyjb, uniq_sigmund, uniq_terence, uniq_natasha
D:3:      overflow_temple_1_default, kennysheep_okawaru_gauntlet
D:4:      first_bread, minmay_misc_feat_secret_circle, fountainhead,
          uniq_eustachio
D:5:      tso_metal_star, bloody_trog, minmay_temple_entry_large_hall,
          uniq_duvessa
D:6:      lemuel_ratsnest, yredelemnul_forgotten_temple_becter,
          overflow_temple_1_default, lemuel_crystal_altar,
          lemuel_blue_sif_altar, lemuel_coloured_pillars_altar
D:7:      serial_bayou, serial_bayou_shore_b, serial_bayou_ford_a,
          serial_bayou_pond_e, serial_bayou_pond_d
D:8:      old_standard_altar, hangedman_little_slice_of_home
D:9:      kennysheep_orc_monster_closet_entryway, serial_shops, shop

Action                   |  1- 3 |  4- 6 |  7- 9 || total
-------------------------+-------+-------+-------++-------
Melee: Falchion          |    73 |   197 |   478 ||   748
       Unarmed           |     5 |       |     5 ||    10
 Stab: Sleeping          |       |     1 |       ||     1
       Paralysed         |       |       |     2 ||     2
       Petrifying        |       |       |     3 ||     3
  Eat: Chunk             |     1 |     6 |    17 ||    24
       Beef jerky        |       |       |     1 ||     1
